 Dungeon Crawl Stone Soup version 0.29-a0-356-g7bc237e783 (webtiles) character file.

Game seed: 5647972449897271137

5691 spaghetti the Fighter (level 10, 21/127 HPs)
             Began as a Barachi Berserker on Apr 26, 2022.
             Was an Elder of Trog.
             Quit the game on level 9 of the Dungeon.
             The game lasted 00:14:29 (8922 turns).

spaghetti the Fighter (Barachi Berserker)           Turns: 8922, Time: 00:14:30

Health: 21/127     AC:  8    Str: 26    XL:     10   Next: 76%
Magic:  10/10      EV: 20    Int:  9    God:    Trog [****..]
Gold:   423        SH:  0    Dex: 18    Spells: 9/9 levels left

rFire   . . .      SeeInvis .   K - +5 spear (vorpal) {polearm}
rCold   . . .      Faith    .   (no shield)
rNeg    . . .      Spirit   .   u - +1 ring mail of Yredelemnul's Delight {Str+3 Stlth+}
rPois   .          Reflect  .   (helmet restricted)
rElec   .          Harm     .   (no cloak)
rCorr   .          Rampage  .   (no gloves)
Will    +....                   (no boots)
Stlth   ..........              (no amulet)
HPRegen 0.31/turn               J - +6 ring of dexterity
MPRegen 0.12/turn               C - +4 ring of evasion

@: berserking (expiring), lethally poisoned (21 -> -10), quick
A: amphibious, slowness 1, strong legs 1, +LOS, horns 1, clever 1, strong-willed
1
a: Hop, Renounce Religion, Berserk, Trog's Hand, Brothers in Arms


You were on level 9 of the Dungeon.
You worshipped Trog.
Trog was greatly pleased with you.
You visited 1 branch of the dungeon, and saw 9 of its levels.

You collected 423 gold pieces.


Innate Abilities, Weirdness & Mutations

You are amphibious.
You cover ground slowly.
You can hop short distances.
You have an extended range of vision and can be seen from far away.
You have a pair of small horns on your head.
Your mind is acute. (Int +2)
You are strong-willed. (Will+)


   Skills:
 + Level 10.0 Fighting
 + Level 7.6 Throwing
 + Level 9.6 Armour
 + Level 8.8 Dodging
 - Level 4.7 Unarmed Combat


You had 9 spell levels left.
You didn't know any spells.
Your spell library contained the following spells:

 Spells                   Type           Power      Damage    Failure   Level
 Scorch                   Fire           0%         2d5       65%         2
 Gell's Gravitas          Tloc           0%         N/A       86%         3
 Lesser Beckoning         Tloc           0%         N/A       86%         3
 Teleport Other           Tloc           0%         N/A       86%         3
 Flame Wave               Conj/Fire      0%         2d4       99%         4
 Summon Cactus Giant      Summ           0%         N/A       100%        6

Inventory:

Hand Weapons
 K - a +5 vorpal spear (weapon) {polearm}
   (You took it off a gnoll on level 4 of the Dungeon)
Missiles
 c - 4 curare-tipped darts {=fthrowing}
 d - 303 stones (quivered) {throwing}
 o - 6 boomerangs {throwing}
 p - 3 atropa-tipped darts {throwing}
 q - 6 javelins {throwing}
 E - 4 silver boomerangs {throwing}
 G - 19 poisoned darts {throwing}
 N - 2 throwing nets {=f!fthrowing}
Armour
 a - a +1 animal skin
 u - the +1 ring mail of Yredelemnul's Delight (worn) {Str+3 Stlth+}
   (You found it on level 3 of the Dungeon)

   Str:       It affects your strength (+3).
   Stlth:     It makes you more stealthy.
 A - a +2 helmet of see invisible
   (You took it off Robin on level 3 of the Dungeon)
Magical Staves
 g - a staff of conjuration {forbidden!a@e2staff}
   (You found it on level 1 of the Dungeon)
 n - a staff of death {forbidden!astaff}
   (You found it on level 2 of the Dungeon)
Jewellery
 x - a ring of willpower
   (You found it on level 3 of the Dungeon)
 B - a ring of willpower
   (You found it on level 4 of the Dungeon)
 C - a +4 ring of evasion (right hand)
   (You found it on level 4 of the Dungeon)
 J - a +6 ring of dexterity (left hand)
   (You found it on level 8 of the Dungeon)
Wands
 y - a wand of mindburst (30)
   (You found it on level 3 of the Dungeon)
 O - a wand of acid (10)
   (You found it on level 5 of the Dungeon)
 P - a wand of iceblast (10)
   (You took it off a gnoll on level 5 of the Dungeon)
Scrolls
 f - a scroll of identify {@r1}
 m - 2 scrolls of magic mapping {!r}
 r - 3 scrolls of vulnerability {!r!r}
 s - 2 scrolls of amnesia {unknown}
 w - 3 scrolls of noise {!r}
 F - a scroll of teleportation {@r4}
 H - a scroll of fear
 Q - a scroll of blinking {unknown}
Potions
 b - a potion of attraction {!q}
 e - 3 potions of brilliance
 h - 4 potions of mutation {!q}
 i - 2 potions of berserk rage {!q}
 j - a potion of haste {@q3}
 k - 2 potions of degeneration {!q@e2}
 l - 4 potions of flight {unknown}
 t - a potion of magic {unknown}
 I - 4 potions of curing {@q1}
 L - a potion of cancellation {unknown}
 M - a potion of lignification {unknown}

Dungeon Overview and Level Annotations

Branches:
Dungeon (9/15)             Temple (0/1) D:6
   Lair: D:8-11         Orc: D:9-12

Altars:
Fedhas
Okawaru

Annotations:
D:8 exclusion: door

#..........#
#.....[?...#
#........).#
#......$...#
##........##
..##..........#
..............#
###...g.y....###
#...K@yK.......
#...KlK.........
##..ggg...#.....
#.......##.....
#.......# ....
##.....## ....
....... ..
...>....#
........#


You could see a wyvern, a kobold brigand, a gnoll shaman, 2 killer bees, 3
gnolls and 3 kobolds.


Message History

You take 27 damage, and now have 71/123 hp.
MASSIVE DAMAGE!! (PAUSE)
You puncture the two-headed ogre! The killer bee completely misses you.
You hit the two-headed ogre.
Your headbutt misses the two-headed ogre.
The killer bee stings you. The kobold misses you. The killer bee stings you.
The two-headed ogre barely misses you. x2 😮 HP[-2]
You take 2 damage, and now have 69/123 hp.
You puncture the two-headed ogre! The killer bee misses you.
The kobold brigand barely misses you. The kobold hits you but does no damage.
The kobold misses you.
You closely miss the two-headed ogre. You headbutt the two-headed ogre!
You kill the two-headed ogre!
Trog accepts your kill. The killer bee barely misses you.
The killer bee misses you. x3
The killer bee closely misses you.
The kobold brigand hits you but does no damage.
The gnoll shaman calls upon its god to speed up the gnoll.
The gnoll seems to speed up.
The kobold completely misses you. The kobold barely misses you.
You feel your strength returning.
Your life force feels restored.
Your Fighting skill increases to level 10! 😮 HP[+1]
You now have 127 max hp (+4).
Unknown command.
You closely miss the killer bee. Your headbutt misses the killer bee.
The killer bee barely misses you. x2; The killer bee completely misses you.
You miss the killer bee. Your headbutt misses the killer bee.
The killer bee misses you. The killer bee barely misses you.
The killer bee stings you but does no damage.
The kobold brigand hits you but does no damage.
The kobold hits you with a +0 short sword.
The kobold hits you with a +0 whip.
* * * LOW HITPOINT WARNING * * *
The killer bee closely misses you.
The killer bee stings you but does no damage.
The killer bee stings you.
* * * LOW HITPOINT WARNING * * *
😨 HP[-10]
You take 10 damage, and now have 60/127 hp.
You closely miss the killer bee. The killer bee misses you.
The killer bee closely misses you. x2
The kobold brigand hits you but does no damage.
The kobold misses you. The kobold closely misses you.
You miss the killer bee. The killer bee stings you.
* * * LOW HITPOINT WARNING * * *
The killer bee completely misses you. The killer bee misses you.
The killer bee stings you.
* * * LOW HITPOINT WARNING * * *
You are poisoned.
The killer bee poisons you! The killer bee misses you.
The killer bee completely misses you.
The kobold brigand hits you with a +0 whip.
* * * LOW HITPOINT WARNING * * *
The kobold barely misses you.
The kobold completely misses you. 😨 HP[-15]
You take 15 damage, and now have 45/127 hp.
Unknown command.
Unknown command.
You puncture the killer bee! You headbutt the killer bee.
You kill the killer bee!
Trog accepts your kill.
You feel sick. The killer bee closely misses you. The killer bee stings you!
* * * LOW HITPOINT WARNING * * *
The gnoll closely misses you. The killer bee stings you.
* * * LOW HITPOINT WARNING * * *
You are more poisoned.
The killer bee poisons you!
The kobold brigand hits you but does no damage.
The killer bee stings you but does no damage.
The kobold hits you with a +0 whip.
* * * LOW HITPOINT WARNING * * *
The kobold misses you. 😱 HP[-15]
You take 15 damage, and now have 30/127 hp.
Unknown command.
Unknown command.
You barely miss the wyvern.
You feel very sick. The gnoll misses you. The wyvern closely misses you.
The killer bee stings you.
* * * LOW HITPOINT WARNING * * *
You are more poisoned.
The killer bee poisons you! The killer bee stings you.
* * * LOW HITPOINT WARNING * * *
You are lethally poisoned!
The killer bee poisons you! 😱 HP[-9]
You take 9 damage, and now have 21/127 hp.
Unknown command. 🤖 Initializing magus.rc ...
Options error: Delay interrupt name "hungry" not recognised. (~/.crawlrc:4761) Options error: Bad monster_list_colour key: strict_neutral (~/.crawlrc:4776) ✅ Successfully initialized magus.rc [v1.9.6] Welcome back, spaghetti the Barachi Berserker.
Trog says: Kill them all!
Press ? for a list of commands and other information.
Unknown command.
Unknown command.
Are you sure you want to abandon this character and quit the game? (Confirm with "yes".)

Skill      XL: |  1  2  3  4  5  6  7  8  9 10 |
---------------+-------------------------------+-----
Fighting       | 4 5 6 7 8 10 | 10.0
Throwing       | 1 2 3 5 6 7 |  7.6
Armour         | 3 4 5 6 8 9 |  9.6
Unarmed Combat | 4 |  4.7
Dodging        | 3 4 6 7 8 |  8.8

Action                   |  1- 3 |  4- 6 |  7- 9 | 10-12 || total
-------------------------+-------+-------+-------+-------++-------
Melee: Unarmed           |    88 |   123 |       |       ||   211
       Punch             |     2 |     5 |     6 |     2 ||    15
       Quarterstaff      |       |    32 |     6 |       ||    38
       Spear             |       |       |   392 |    82 ||   474
       Headbutt          |       |       |       |    25 ||    25
Throw: Stone             |    12 |    59 |    40 |       ||   111
Invok: Berserk           |     1 |     4 |     7 |     3 ||    15
       Trog's Hand       |       |       |     1 |     1 ||     2
 Abil: Hop               |       |       |       |     1 ||     1
  Use: Scroll            |       |       |    15 |       ||    15
       Potion            |       |       |       |     7 ||     7
 Stab: Sleeping          |     1 |     3 |     3 |       ||     7
Armor: Animal skin       |    25 |     6 |       |       ||    31
       Ring mail         |       |    34 |   155 |    32 ||   221
Dodge: Dodged            |    73 |   103 |   448 |   133 ||   757

Levels and vault maps discovered:
D:1:      dpeg_arrival_chambers_temple_mockup, layout_basic,
          shapermc_ecumenical_altar_gd, minmay_heptomino_h4
D:2:      layout_basic, basic_altar, minmay_misc_feat_rugged, uniq_jessica
D:3:      layout_basic, uniq_robin
D:4:      layout_basic
D:5:      layout_loops_ring, okawaru_metal_pillars_3, uniq_eustachio
D:6:      layout_rooms, temple_green
D:7:      layout_cave_pools, minmay_misc_feat_hallway, minmay_crystal_water,
          kennysheep_generic_room_2
D:8:      layout_basic
D:9:      layout_rooms, uniq_joseph, uniq_prince_ribbit1, uniq_maurice

Notes
Turn   | Place    | Note
-------+----------+-------------------------------------------
     0 | D:1      | spaghetti the Barachi Berserker began the quest for the
                  | Orb.
     0 | D:1      | Reached XP level 1. HP: 18/18 MP: 1/1
     0 | D:1      | magus.rc [v1.9.6]
   240 | D:1      | Reached XP level 2. HP: 25/25 MP: 2/2
   243 | D:1      | Found a faded altar of an unknown god.
   506 | D:1      | You pick up a book of Scorching {forbidden} and begin
                  | reading...
   506 | D:1      | You add the spells Scorch, Flame Wave and Summon Cactus
                  | Giant to your library.
   618 | D:1      | Reached ** piety under Trog
   619 | D:1      | Reached XP level 3. HP: 28/30 MP: 3/3
   712 | D:1      | Reached skill level 4 in Fighting
   712 | D:1      | Reached skill level 1 in Throwing
   959 | D:2      | Noticed Jessica
   961 | D:2      | HP: 11/45 [Jessica/+0 dagger (1)]
   963 | D:2      | Killed Jessica
   964 | D:2      | Reached skill level 3 in Armour
   964 | D:2      | Reached skill level 4 in Unarmed Combat
   964 | D:2      | Reached XP level 4. HP: 11/37 MP: 4/4
   970 | D:2      | HP: 7/37 [constriction (1)]
  1254 | D:2      | Found a blossoming altar of Fedhas.
  1348 | D:2      | You pick up a book of Displacement {forbidden} and begin
                  | reading...
  1348 | D:2      | You add the spells Lesser Beckoning, Gell's Gravitas and
                  | Teleport Other to your library.
  1967 | D:2      | Reached XP level 5. HP: 42/42 MP: 5/5
  2138 | D:3      | Identified the +1 ring mail of Yredelemnul's Delight {Str+3
                  | Stlth+}
  2177 | D:3      | Reached skill level 3 in Dodging
  2458 | D:3      | Noticed Robin
  2485 | D:3      | HP: 10/43 [Robin/+0 trident (6)]
  2486 | D:3      | Killed Robin
  3616 | D:4      | Identified the +7 quarterstaff "Xiulyuga" {vorpal, rElec
                  | Int+3}
  3695 | D:4      | Reached skill level 2 in Throwing
  3705 | D:4      | Reached XP level 6. HP: 32/49 MP: 6/6
  3706 | D:4      | Reached *** piety under Trog
  3905 | D:4      | Reached skill level 4 in Armour
  3909 | D:4      | Reached skill level 5 in Fighting
  4034 | D:4      | Reached skill level 4 in Dodging
  4034 | D:4      | Reached XP level 7. HP: 56/56 MP: 7/7
  4039 | D:4      | Reached skill level 3 in Throwing
  4386 | D:5      | Entered Level 5 of the Dungeon
  4528 | D:5      | Found an iron altar of Okawaru.
  4651 | D:5      | Reached skill level 5 in Armour
  4917 | D:5      | Reached skill level 6 in Fighting
  4917 | D:5      | Reached XP level 8. HP: 44/64 MP: 8/8
  4965 | D:5      | Reached **** piety under Trog
  5070 | D:5      | Noticed Eustachio
  5082 | D:5      | Reached skill level 5 in Dodging
  5090 | D:5      | Killed Eustachio
  5091 | D:5      | Reached skill level 4 in Throwing
  5532 | D:6      | Reached skill level 6 in Armour
  5696 | D:6      | Noticed a wraith
  5714 | D:6      | Killed a wraith
  5724 | D:6      | Reached skill level 7 in Fighting
  5724 | D:6      | Reached skill level 6 in Dodging
  5859 | D:6      | Reached skill level 5 in Throwing
  5906 | D:6      | Reached XP level 9. HP: 41/72 MP: 9/9
  5908 | D:6      | HP: 12/72 [white imp/puff of frost (7)]
  5913 | D:6      | HP: 7/72 [poisoned by a water moccasin]
  6235 | D:6      | Reached skill level 7 in Armour
  6366 | D:6      | Found a staircase to the Ecumenical Temple.
  6951 | D:7      | Reached skill level 8 in Fighting
  7297 | D:7      | Reached skill level 7 in Dodging
  7656 | D:7      | Reached skill level 6 in Throwing
  7989 | D:8      | Reached skill level 8 in Armour
  8368 | D:8      | Noticed a hornet
  8410 | D:9      | Reached XP level 10. HP: 82/82 MP: 10/10
  8414 | D:9      | Reached skill level 9 in Fighting
  8418 | D:9      | Reached skill level 8 in Dodging
  8428 | D:9      | Gained mutation: Potions are less effective at restoring
                  | your health. [potion of mutation]
  8430 | D:9      | Lost mutation: Potions are less effective at restoring your
                  | health. [potion of mutation]
  8430 | D:9      | Gained mutation: You are strong-willed. (Will+) [potion of
                  | mutation]
  8430 | D:9      | Gained mutation: Your mind is acute. (Int +2) [potion of
                  | mutation]
  8430 | D:9      | Gained mutation: You have a pair of small horns on your
                  | head. [potion of mutation]
  8440 | D:9      | HP: 20/83 [yak (11)]
  8440 | D:9      | HP: 6/83 [yak (14)]
  8445 | D:9      | Noticed Maurice
  8448 | D:9      | Reached skill level 7 in Throwing
  8461 | D:9      | Killed Maurice
  8462 | D:9      | Reached skill level 9 in Armour
  8902 | D:9      | Noticed a two-headed ogre
  8915 | D:9      | Killed a two-headed ogre
  8916 | D:9      | Reached skill level 10 in Fighting
  8920 | D:9      | HP: 31/127 [killer bee (4)]
  8922 | D:9      | magus.rc [v1.9.6]
  8922 | D:9      | Quit the game

Vanquished Creatures
  A two-headed ogre (D:9)
  Maurice (D:9)
  A wraith (D:6)
  7 yaks (D:9)
  Eustachio (D:5)
  A steam dragon (D:8)
  2 water moccasins (D:6)
  2 sky beasts
  2 orc warriors
  A black bear (D:5)
  2 ogres
  2 centaurs
  2 phantoms
  3 bullfrogs
  A kobold brigand (D:6)
  2 scorpions
  A necrophage (D:5)
  5 wights
  7 killer bees
  An electric eel (D:7)
  3 howler monkeys
  6 hounds
  A jelly (D:6)
  6 orc priests
  Jessica (D:2)
  4 iguanas
  7 orc wizards
  Robin (D:3)
  7 adders
  15 gnolls
  4 white imps
  2 ufetubi (D:5)
  2 worms (D:2)
  2 dart slugs
  28 orcs
  5 bats
  8 endoplasms
  4 giant cockroaches
  16 goblins
  7 hobgoblins
  8 jackals
  A quokka (D:2)
  11 ball pythons
  2 frilled lizards (D:2)
  12 kobolds
  5 rats
213 creatures vanquished.

Vanquished Creatures (others)
  An orc (D:8)
  A demonic plant (D:1)
  5 fungi (D:1)
  4 plants (D:1)
  A withered plant (D:1)
12 creatures vanquished.

Grand Total: 225 creatures vanquished

Table legend:
 A = Non-vault XP
 B = Vault XP
 C = Vault XP percentage of total XP
 D = Non-vault monster count
 E = Vault monster count
 F = Vault count percentage of total count
                 A         B        C        D         E       F
            +---------+---------+-------+---------+---------+-------
      Total |    7278 |     852 |  10.5 |     194 |      19 |   8.9
            +---------+---------+-------+---------+---------+-------
        D:1 |      40 |       6 |  13.0 |      24 |       3 |  11.1
        D:2 |      87 |      37 |  29.8 |      18 |       1 |   5.3
        D:3 |      20 |      32 |  61.5 |      10 |      11 |  52.4
        D:4 |     503 |       0 |   0.0 |      33 |       0 |   0.0
        D:5 |     718 |     188 |  20.8 |      26 |       1 |   3.7
        D:6 |    1202 |       0 |   0.0 |      26 |       0 |   0.0
        D:7 |     814 |      93 |  10.3 |      17 |       2 |  10.5
        D:8 |    1332 |       0 |   0.0 |      28 |       0 |   0.0
        D:9 |    2562 |     496 |  16.2 |      12 |       1 |   7.7
            +---------+---------+-------+---------+---------+-------

Illustrated notes

Table legend:
 A = Kills in this place as a percentage of kills in entire the game.
 B = Kills by you in this place as a percentage of kills by you in the entire game.
 C = Kills by friends in this place as a percentage of kills by friends in the entire game.
 D = Other kills in this place as a percentage of other kills in the entire game.
 E = Experience gained in this place as a percentage of experience gained in the entire game.
 F = Experience gained in this place divided by the number of levels of this place that you have seen.
                   A       B       C       D       E      F
               +-------+-------+-------+-------+-------+----------------------
         Total | 100.0 | 100.0 |   N/A |   N/A | 100.0 | 903.3
       Dungeon | 100.0 | 100.0 |   N/A |   N/A | 100.0 | 903.3
               +-------+-------+-------+-------+-------+----------------------

Table legend: (Time is in decaauts)
 A = Elapsed time spent in this place.
 B = Non-inter-level travel time spent in this place.
 C = Inter-level travel time spent in this place.
 D = Time resting spent in this place.
 E = Time spent auto-exploring this place.
 F = Levels seen in this place.
 G = Mean time per level.
                   A        B        C        D        E       F      G
               +--------+--------+--------+--------+--------+-----+--------+
         Total |   9908 |   9586 |    322 |   2283 |   5707 |   9 | 1100.9 |
       Dungeon |   9908 |   9586 |    322 |   2283 |   5707 |   9 | 1100.9 |
               +--------+--------+--------+--------+--------+-----+--------+

Top non-repeatable levels by time:
     D:4: 1455 daAuts
     D:5: 1374 daAuts
     D:2: 1357 daAuts
     D:7: 1203 daAuts
     D:8: 1156 daAuts
     D:6: 1146 daAuts
     D:3: 1104 daAuts
     D:1: 1011 daAuts
     D:9: 99 daAuts
